Match 47370074
Unlisted

Match 47370074
End
Selects Air and Sea Battlegroup
Royal Engineer Section
Construct Section Command Post
Vickers Machine Gun Team
Infantry Section
Vickers Machine Gun Team
Construct Platoon Command Post
Humber Armored Car
Selects Commando Section Paradrop
Commando Section Paradrop
Construct Field Infirmary
Airandfelt
JJolMangi
0
0

Comments sign in to comment!

No comments posted yet!